 Dungeon Crawl Stone Soup version 0.28-a0-895-g6e5f11bd55 (console) character file.

Game seed: 14027385318480609623

258367 jejorda2 the Phalangite (level 19, -3/204 HPs)
             Began as a Gargoyle Berserker on Nov 22, 2021.
             Was a High Priest of Trog.
             Slain by a yaktaur captain (8 damage)
             ... on level 2 of the Vaults.
             The game lasted 01:50:28 (41740 turns).

jejorda2 the Phalangite (Gargoyle Berserker)       Turns: 41740, Time: 01:50:28

Health: -3/204     AC: 46    Str: 31    XL:     19   Next: 87%
Magic:  0/19       EV: 11    Int: 12    God:    Trog [*****.]
Gold:   2487       SH:  0    Dex: 15    Spells: 18/18 levels left

rFire   + . .      SeeInvis +   b - +1 demon trident {vamp, rElec}
rCold   + . .      Faith    .   (no shield)
rNeg    + . .      Spirit   +   T - +3 plate armour {rC+}
rPois   ∞          Reflect  .   v - +2 helmet of Loymuk {Rampage Will+ Dex+3}
rElec   +          Harm     .   L - +2 cloak {rCorr}
rCorr   +          Rampage  +   S - +2 pair of gloves of Dishonesty {Int+2}
Will    ++...                   O - +0 pair of boots
Stlth   ..........              m - amulet "Yjeyffev" {Spirit +Inv Str+4 Dex+3}
HPRegen 0.44/turn               V - ring of see invisible
MPRegen 0.16/turn               y - ring of protection from fire

@: berserking (expiring), flying, very quick
A: sickness immunity, AC +14, big wings, negative energy resistance 1,
electricity resistance, torment resistance 1, petrification resistance
}: 2/15 runes: decaying, serpentine
a: Renounce Religion, Evoke Invisibility, Berserk, Trog's Hand, Brothers in Arms


You were on level 2 of the Vaults.
You worshipped Trog.
Trog was extremely pleased with you.
You visited 6 branches of the dungeon, and saw 33 of its levels.
You also visited: Ossuary and Gauntlet.

You collected 4989 gold pieces.
You spent 2502 gold pieces at shops.

Inventory:

Hand Weapons
 a - a +0 vorpal glaive
 b - the +1 demon trident "Ijojaguelu" (weapon) {vamp, rElec}
   (You acquired it on level 6 of the Dungeon)

   It occasionally heals its wielder for a portion of the damage dealt when it
   wounds a living foe.
   rElec:     It insulates you from electricity.
 w - a +3 antimagic glaive
Missiles
 i - 4 throwing nets
 l - 1104 stones
 n - 13 curare-tipped darts
 r - 170 poisoned darts (quivered)
 D - 23 boomerangs
 W - 4 javelins
 Z - 2 datura-tipped darts
Armour
 v - the +2 helmet of Loymuk (worn) {Rampage Will+ Dex+3}
   (You found it on level 7 of the Dungeon)

   Dex:       It affects your dexterity (+3).
   Rampage:   It bestows one free step when moving towards enemies.
   Will:      It increases your willpower.
 L - a +2 cloak of preservation (worn)
 O - a +0 pair of boots (worn)
 S - the +2 pair of gloves of Dishonesty (worn) {Int+2}
   (You found it in a Gauntlet)

   Int:       It affects your intelligence (+2).
 T - a +3 plate armour of cold resistance (worn)
Jewellery
 m - the amulet "Yjeyffev" (around neck) {Spirit +Inv Str+4 Dex+3}
   (You found it in a Gauntlet)

   [amulet of guardian spirit]

   It causes incoming damage to be divided between your reserves of health and
   magic.
   Str:       It affects your strength (+4).
   Dex:       It affects your dexterity (+3).
   +Inv:      It lets you turn invisible.
 y - a ring of protection from fire (right hand)
 H - a ring of protection from cold
 N - a +4 ring of protection
 Q - a ring of resist corrosion
 R - a ring of protection from fire
 U - a ring of protection from cold
 V - a ring of see invisible (left hand)
Wands
 e - a wand of mindburst (15)
 A - a wand of digging (15)
 C - a wand of flame (32)
 E - a wand of iceblast (56)
 I - a wand of acid (14)
 M - a wand of polymorph (24)
 X - a wand of charming (15)
Scrolls
 c - a scroll of summoning
 d - a scroll of enchant armour
 f - 8 scrolls of fog
 g - a scroll of silence
 j - 6 scrolls of fear
 s - 16 scrolls of teleportation
 P - 4 scrolls of magic mapping
 Y - 2 scrolls of blinking
Potions
 h - 6 potions of heal wounds
 k - 13 potions of curing
 o - 6 potions of might
 p - 2 potions of cancellation
 q - 8 potions of attraction
 t - 8 potions of haste
 u - 4 potions of berserk rage
 x - 4 potions of resistance
 z - 7 potions of mutation
 B - 2 potions of ambrosia
 F - 2 potions of invisibility
 G - 4 potions of magic
Miscellaneous
 K - a lightning rod (4/4)


   Skills:
 - Level 20.4 Fighting
 + Level 21.5 Polearms
 - Level 16.0 Throwing
 + Level 13.7 Armour
 - Level 6.0 Dodging
 - Level 6.0 Evocations


You had 18 spell levels left.
You didn't know any spells.
Your spell library was empty.

Dungeon Overview and Level Annotations

Branches:
Dungeon (15/15)            Temple (0/1) D:6            Lair (6/6) D:8
  Swamp (4/4) Lair:4        Snake (4/4) Lair:4        Slime (0/5) Lair:5
    Orc (2/2) D:9             Elf (0/3) Orc:2        Vaults (2/5) D:13
 Depths (0/4) D:15        Ossuary (visited)         Gauntlet (visited)
  Crypt: Vaults:2-3

Altars:
Fedhas
Hepliaklqana
Kikubaaqudgha
Okawaru
Ru
Sif Muna
Uskayaw
Vehumet
Wu Jian
Yredelemnul
Zin
The Shining One
Beogh

Shops:
D:3 :   D:9 (?=   D:11 [   D:12 ?   Orc:2 =*([   Snake:2 :=:   Snake:4 *:![
Vaults:1 [

Portals:
Trove: D:12 (give +2 storm dragon scales)

Annotations:
Swamp:2 3 runed translucent doors, Fuubb's ghost, adept OpMo
Vaults:2 Sojobo


Innate Abilities, Weirdness & Mutations

You are immune to sickness and miasma.
Your stone body is resilient. (AC +14)
You are immune to poison.
Your large and strong wings let you fly.
You resist negative energy. (rN+)
You are resistant to electric shocks. (rElec)
You are resistant to unholy torment.
You are immune to petrification.


Message History

The air elemental hits you but does no damage.
The ironbound convoker hits you but does no damage.
The yaktaur captain completely misses you.
Unknown command.
Unknown command.
You hit Sojobo.
Sojobo is severely wounded.
The air elemental fires a burst of electricity at you.
The stunning burst hits you but does no damage.
You shrug off the repeated paralysis!
The air elemental hits you but does no damage.
Sojobo completely misses you. Sojobo pecks you but does no damage.
Sojobo claws you but does no damage.
Unknown command.
You skewer Sojobo like a kebab!!!
Sojobo is almost dead.
The air elemental hits you but does no damage.
The air elemental hits you!
* * * LOW HITPOINT WARNING * * *
The ironbound convoker hits you but does no damage.
Unknown command.
Unknown command.
You completely miss Sojobo.
Sojobo is almost dead.
The air elemental hits you but does no damage. x2
The yaktaur captain hits you but does no damage.
Unknown command.
You closely miss Sojobo.
Sojobo is almost dead.
The air elemental barely misses you. x2
Sojobo waves her feathered arms in wide circles.
The air twists around and strikes you!
* * * LOW HITPOINT WARNING * * *
Unknown command.
You miss Sojobo.
Sojobo is almost dead.
The air elemental hits you but does no damage. x2
The ironbound convoker hits you but does no damage.
The yaktaur captain hits you!
You die...

#.....# .....
#.....#......
#.....#......
#.....'......
#.....#......
#.....#......
#E....# .....
#EE)(.# .....
#@cp..# ####
#pQ...#
#.....#
......#
.......#
........#
........+
........#


You could see Sojobo (strong, repels missiles), a yaktaur captain (strong), an
ironbound convoker, a wizard (strong, invisible) and 3 air elementals.

Vanquished Creatures
  Mara (Snake:4)
  the Lernaean hydra (Swamp:4)
  2 tentacled monstrosities
  Frances (D:14)
  Donald (Vaults:1)
  2 fenstrider witches (Swamp:2)
  6 nagarajas
  An orc warlord (Orc:2)
  A juggernaut zombie (D:15)
  4 ironbound preservers (Vaults:1)
  5 very ugly things (Vaults:1)
  The ghost of jejorda2 the Tortoise, a journeyman GrBe of Trog (Orc:1)
  Azrael (D:13)
  2 bunyips
  3 dire elephants (Vaults:1)
  A minotaur (Gauntlet)
  5 eleionomae
  An ettin (Vaults:1)
  Josephine (Lair:4)
  A shambling mangrove (Swamp:3)
  4 vault guards (D:13)
  13 naga warriors
  Harold (D:7)
  3 ghost crabs (Swamp:4)
  An ironbound thunderhulk (Vaults:1)
  4 boulder beetles
  26 hydras
  2 salamander tyrants (Snake:4)
  4 ironbound frosthearts (Vaults:1)
  2 death knights (D:13)
  2 spriggan air magi
  8 anacondas
  12 centaur warriors
  11 alligators
  2 catoblepae
  3 two-headed ogres
  A hell hog (Gauntlet)
  A deep troll shaman (Lair:6)
  9 death yaks
  13 naga sharpshooters
  A vampire mage (D:15)
  3 shock serpents
  10 spriggans
  Sonja (D:12)
  4 skeletal warriors
  A fire crab (shapeshifter) (D:15)
  4 salamander mystics
  13 deep trolls (Vaults:1)
  5 goliath frogs
  8 swamp dragons
  A spriggan druid (Swamp:1)
  9 naga ritualists
  5 lindwurms
  10 bog bodies
  A phantasmal warrior (Vaults:1)
  3 necromancers
  13 mana vipers
  A deep elf pyromancer (D:15)
  An ironbound convoker (Vaults:1)
  3 wizards (Vaults:1)
  10 harpies (Vaults:1)
  3 orc sorcerers (Orc:1)
  A wolf spider zombie (D:12)
  An orc knight (Orc:2)
  22 ugly things
  15 salamanders
  A manticore (D:13)
  8 cyclopes
  A frost giant zombie (D:15)
  2 will-o-the-wisps
  13 elephants
  31 black mambas
  23 naga magi
  5 vault sentinels (Vaults:1)
  4 guardian serpents
  2 gargoyles
  2 cane toads (shapeshifter)
  A torpor snail (Gauntlet)
  8 centaur skeletons (D:12)
  12 cane toads
  An efreet (D:15)
  16 komodo dragons
  6 rime drakes
  A tengu conjurer (D:13)
  6 yaktaurs
  A guardian mummy (D:15)
  A meliai (shapeshifter) (D:15)
  Prince Ribbit (D:5)
  3 polar bears
  2 bloated husks (Swamp:1)
  5 trolls
  13 tyrant leeches
  11 hornets
  An ettin zombie (D:15)
  13 slime creatures
  A meliai zombie (D:12)
  21 blink frogs
  12 dream sheep (Lair:6)
  4 flying skulls (D:12)
  Sigmund (D:3)
  A centaur simulacrum (D:15)
  34 yaks
  A vampire (D:13)
  11 wraiths
  2 wyverns
  A ynoxinul (Gauntlet)
  3 fire elementals (D:13)
  8 basilisks
  3 fire bats (Gauntlet)
  2 shadows
  9 vampire mosquitoes
  3 hogs (D:12)
  3 steam dragons
  23 swamp worms
  Menkaure (D:5)
  Edmund (D:4)
  A warg (Orc:1)
  4 acid dragons
  A naga (shapeshifter) (D:14)
  7 water moccasins
  6 hell hounds
  Duvessa (D:7)
  40 nagas
  3 ice beasts
  26 orc warriors
  7 swamp drakes
  2 sky beasts
  2 ogres (Orc:1)
  2 black bears
  2 necrophages
  15 wolves
  19 centaurs
  4 phantoms
  13 bullfrogs
  A gnoll sergeant (D:8)
  A scorpion (D:4)
  A wyvern zombie (D:5)
  Dowan (D:7)
  A troll skeleton (D:11)
  4 killer bees (D:7)
  5 wights (D:12)
  7 spriggan skeletons
  2 howler monkeys
  3 electric eels (Lair:5)
  13 centaur zombies
  A hound (D:6)
  7 jellies
  20 orc priests
  4 iron imps (Gauntlet)
  Jessica (D:3)
  A bullfrog skeleton (D:6)
  4 iguanas
  A scorpion zombie (D:5)
  Ijyb (D:5)
  29 orc wizards
  8 ogre zombies
  7 mummies (Ossuary)
  A howler monkey skeleton (D:7)
  4 gnolls (D:8)
  8 adders
  2 shadow imps
  A white imp (D:7)
  An adder zombie (Ossuary)
  2 worms
  2 dart slugs (D:4)
  107 orcs
  3 endoplasms
  A giant cockroach (D:4)
  5 goblins
  7 hobgoblins
  6 kobolds
  4 quokkas
  A ball python (D:2)
  4 bats
  4 frilled lizards
  8 goblin zombies
  4 hobgoblin zombies
  8 kobold zombies (Ossuary)
  14 orc zombies
  4 quokka zombies (Ossuary)
  3 rats
  5 rat zombies (Ossuary)
  A butterfly (Lair:4)
1139 creatures vanquished.

Vanquished Creatures (collateral kills)
  A deep troll (shapeshifter) (Vaults:1)
  A deep troll (Vaults:1)
  An ironbound convoker (Vaults:2)
  A necromancer (Vaults:1)
  A freezing wraith (Vaults:1)
5 creatures vanquished.

Vanquished Creatures (others)
  Kirke (D:12)
  A two-headed ogre (D:13)
  A centaur skeleton (D:12)
  4 bloated husks
  2 vampire mosquitoes (Swamp:1)
  A swamp worm (Swamp:3)
  A swamp drake (Swamp:4)
  A bullfrog (Lair:5)
  12 foxfires
  34 fungi
  24 plants
  2 withered plants (D:15)
84 creatures vanquished.

Grand Total: 1228 creatures vanquished

Notes
Turn   | Place    | Note
-------+----------+-------------------------------------------
     0 | D:1      | jejorda2 the Gargoyle Berserker began the quest for the
                  | Orb.
     0 | D:1      | Reached XP level 1. HP: 14/14 MP: 1/1
   166 | D:1      | Reached XP level 2. HP: 19/19 MP: 2/2
   168 | D:1      | Found a faded altar of an unknown god.
   176 | D:1      | Reached skill level 3 in Polearms
   536 | D:2      | Found an ornate altar of the Wu Jian Council.
   712 | D:2      | Reached XP level 3. HP: 13/24 MP: 3/3
  1538 | D:3      | Noticed a bullfrog
  1548 | D:3      | Killed a bullfrog
  1549 | D:3      | Reached skill level 4 in Polearms
  1549 | D:3      | Reached XP level 4. HP: 29/29 MP: 4/4
  1549 | D:3      | Reached XP level 5. HP: 33/33 MP: 5/5
  1781 | D:3      | Noticed Sigmund
  1799 | D:3      | Killed Sigmund
  1800 | D:3      | Reached XP level 6. HP: 39/39 MP: 6/6
  1879 | D:3      | Noticed Jessica
  1887 | D:3      | Killed Jessica
  1901 | D:3      | Reached skill level 5 in Polearms
  1907 | D:3      | Reached ** piety under Trog
  2057 | D:3      | Reached skill level 5 in Fighting
  2057 | D:3      | Reached XP level 7. HP: 10/44 MP: 7/7
  2360 | D:3      | Found Detytun's Book Emporium.
  2676 | D:4      | Noticed Edmund
  2698 | D:4      | Killed Edmund
  2706 | D:4      | Reached skill level 6 in Polearms
  2706 | D:4      | Reached skill level 5 in Armour
  3300 | D:4      | Reached XP level 8. HP: 51/51 MP: 8/8
  3420 | D:5      | Entered Level 5 of the Dungeon
  3755 | D:5      | Noticed Prince Ribbit
  3775 | D:5      | Killed Prince Ribbit
  3776 | D:5      | Reached skill level 7 in Polearms
  4177 | D:5      | Reached skill level 8 in Polearms
  4215 | D:5      | Noticed Menkaure
  4232 | D:5      | Killed Menkaure
  4233 | D:5      | Reached XP level 9. HP: 55/55 MP: 9/9
  4522 | D:5      | Noticed Ijyb
  4529 | D:5      | Killed Ijyb
  4628 | D:6      | Found a staircase to the Ecumenical Temple.
  4671 | D:6      | Found a sand-covered staircase.
  4706 | Ossuary  | Entered an ossuary
  4775 | Ossuary  | Reached skill level 9 in Polearms
  4924 | Ossuary  | Reached *** piety under Trog
  5197 | D:6      | Identified 2 scrolls of acquirement
  5197 | D:6      | Acquired 1287 gold pieces
  5198 | D:6      | Acquired the +1 demon trident "Ijojaguelu" {vamp, rElec}
  5487 | D:6      | Reached skill level 10 in Polearms
  5497 | D:6      | Reached **** piety under Trog
  6033 | D:7      | Found a blossoming altar of Fedhas.
  6142 | D:7      | Noticed Duvessa
  6153 | D:7      | Noticed Dowan
  6157 | D:7      | Killed Duvessa
  6158 | D:7      | Reached skill level 11 in Polearms
  6168 | D:7      | Killed Dowan
  6277 | D:7      | Identified the +2 helmet of Loymuk {Rampage Will+ Dex+3}
  6298 | D:7      | Found an iron altar of Okawaru.
  6328 | D:7      | Noticed Harold
  6335 | D:7      | Killed Harold
  6336 | D:7      | Reached XP level 10. HP: 60/60 MP: 10/10
  6489 | D:7      | Found a shimmering blue altar of Sif Muna.
  6615 | D:8      | Found a basalt altar of Yredelemnul.
  6617 | D:8      | Noticed a profane servitor
  6626 | D:8      | Found a glowing golden altar of the Shining One.
  6628 | D:8      | Noticed an angel
  6798 | D:8      | Found a staircase to the Lair.
  6823 | D:8      | Reached skill level 12 in Polearms
  7425 | D:9      | Found Osuxkadgh's Jewellery Emporium.
  7570 | D:9      | Found a staircase to the Orcish Mines.
  7636 | D:9      | Found Baga's Magic Scroll Boutique.
  7645 | D:9      | Bought a scroll of acquirement for 780 gold pieces
  7645 | D:9      | Acquired a manual of Fighting
  7684 | D:9      | Reached ***** piety under Trog
  8136 | D:9      | Found Yciomyugh's Antique Weapon Shop.
  8240 | D:9      | Reached skill level 13 in Polearms
  8437 | D:10     | Entered Level 10 of the Dungeon
  8460 | D:10     | Noticed a gargoyle
  8470 | D:10     | Killed a gargoyle
  8603 | D:10     | Reached XP level 11. HP: 63/68 MP: 11/11
  8699 | D:10     | Found a radiant altar of Vehumet.
  8719 | D:10     | Noticed a two-headed ogre
  8734 | D:10     | Killed a two-headed ogre
  8774 | D:10     | Found an ancient bone altar of Kikubaaqudgha.
  9032 | Lair:1   | Entered Level 1 of the Lair of Beasts
  9133 | Lair:1   | Noticed a seven-headed hydra
  9140 | Lair:1   | Killed a seven-headed hydra
  9141 | Lair:1   | Reached skill level 14 in Polearms
  9157 | Lair:1   | Identified the +4 scale mail of the Valley of Death {rCorr}
  9197 | Lair:1   | Reached skill level 10 in Fighting
  9328 | Lair:1   | Noticed a seven-headed hydra
  9347 | Lair:1   | Killed a seven-headed hydra
 10272 | Lair:2   | Reached skill level 1 in Evocations
 10726 | Lair:2   | Reached XP level 12. HP: 82/82 MP: 12/12
 11081 | Lair:3   | Found a sacrificial altar of Ru.
 11135 | Lair:3   | Reached skill level 5 in Dodging
 11904 | Lair:4   | Noticed a death yak
 11904 | Lair:4   | Noticed a death yak
 11904 | Lair:4   | Noticed a death yak
 11937 | Lair:4   | Killed a death yak
 11938 | Lair:4   | Noticed a death yak
 11944 | Lair:4   | Killed a death yak
 11960 | Lair:4   | Killed a death yak
 11986 | Lair:4   | Noticed a catoblepas
 12008 | Lair:4   | Killed a catoblepas
 12009 | Lair:4   | Reached skill level 5 in Evocations
 12034 | Lair:4   | Killed a death yak
 12043 | Lair:4   | Reached skill level 15 in Fighting
 12078 | Lair:4   | Received a gift from Trog
 12438 | D:3      | Bought a manual of Fighting for 960 gold pieces
 12703 | Lair:4   | Found a staircase to the Snake Pit.
 12782 | Lair:4   | Reached XP level 13. HP: 92/92 MP: 13/13
 12880 | Lair:4   | Found a hazy altar of Hepliaklqana.
 12884 | Lair:4   | Noticed Josephine
 12902 | Lair:4   | Killed Josephine
 13229 | Lair:4   | Found a staircase to the Swamp.
 13453 | Lair:5   | Found a staircase to the Slime Pits.
 14822 | Lair:6   | Entered Level 6 of the Lair of Beasts
 15316 | Lair:6   | Reached skill level 15 in Polearms
 15316 | Lair:6   | Gained mutation: Your large and strong wings let you fly.
                  | [Gargoyle growth]
 15316 | Lair:6   | Reached XP level 14. HP: 91/104 MP: 10/14
 15443 | Lair:6   | Received a gift from Trog
 16039 | Lair:6   | Reached skill level 16 in Polearms
 16283 | Lair:6   | Identified the +3 rapier of the Badger {venom, rN+ Will+}
 16623 | Orc:1    | Entered Level 1 of the Orcish Mines
 17127 | Orc:2    | Entered Level 2 of the Orcish Mines
 17135 | Orc:2    | Reached skill level 1 in Throwing
 17156 | Orc:2    | Found a staircase to the Elven Halls.
 18049 | Orc:2    | Reached ****** piety under Trog
 18142 | Orc:2    | Noticed an orc warlord
 18188 | Orc:2    | Killed an orc warlord
 18402 | Orc:2    | Found Ling's Antique Weapon Shoppe.
 18415 | Orc:2    | Received a gift from Trog
 18450 | Orc:2    | Found Renwah's Antique Armour Emporium.
 18512 | Orc:2    | Found Iwnoklops's General Store.
 18694 | Orc:2    | Found Zacsakk's Jewellery Shop.
 18878 | Orc:1    | Found a runed translucent door.
 18879 | Orc:1    | Noticed jejorda2's ghost (journeyman GrBe)
 18900 | Orc:1    | Killed jejorda2's ghost
 19178 | Orc:2    | Bought a glowing scarf for 264 gold pieces
 19178 | Orc:2    | Bought a pair of boots for 148 gold pieces
 19226 | Orc:2    | Bought a ring of protection from cold for 350 gold pieces
 19375 | D:11     | Found a gate leading to a gauntlet.
 19406 | Gauntlet | Entered a Gauntlet
 19406 | Gauntlet | Found a transporter.
 19406 | Gauntlet | Found a transporter.
 19412 | Gauntlet | Found a transporter.
 19427 | Gauntlet | Found a transporter.
 19445 | Gauntlet | Found a transporter.
 19445 | Gauntlet | Found a transporter.
 19445 | Gauntlet | Found a transporter.
 19448 | Gauntlet | Found a transporter.
 19448 | Gauntlet | Found a transporter.
 19463 | Gauntlet | Found a transporter.
 19464 | Gauntlet | Noticed a quicksilver ooze
 19479 | Gauntlet | Found a transporter.
 19486 | Gauntlet | Found a runed translucent door.
 19490 | Gauntlet | Found a transporter.
 19504 | Gauntlet | Found a transporter.
 19524 | Gauntlet | Found a transporter.
 19760 | Gauntlet | Identified the amulet "Yjeyffev" {Spirit +Inv Str+4 Dex+3}
 19825 | Gauntlet | Identified the +2 pair of gloves of Dishonesty {Int+2}
 19957 | Gauntlet | Reached XP level 15. HP: 112/112 MP: 15/15
 20239 | D:11     | Reached skill level 17 in Polearms
 20270 | D:11     | Found Cyniph's Armour Shoppe.
 20569 | D:11     | Identified the +5 chain mail "Jaanog" {rN+ Stlth+}
 20816 | D:12     | Found Onouh's Magic Scroll Shoppe.
 20832 | D:12     | Found a portal to a secret trove of treasure.
 20963 | D:12     | Noticed Sonja
 20976 | D:12     | Killed Sonja
 21129 | D:12     | Received a gift from Trog
 21282 | D:12     | Reached skill level 5 in Throwing
 21474 | D:12     | Noticed Kirke
 21504 | D:12     | Noticed a sphinx
 21504 | D:12     | Killed Kirke
 22499 | D:13     | Noticed Azrael
 22521 | D:13     | Killed Azrael
 22802 | D:13     | Reached skill level 18 in Polearms
 23532 | D:13     | Found a gate to the Vaults.
 23884 | D:14     | Reached XP level 16. HP: 118/118 MP: 12/16
 23892 | D:14     | Received a gift from Trog
 24115 | D:14     | Noticed Frances
 24125 | D:14     | Killed Frances
 24533 | D:14     | Reached skill level 19 in Polearms
 24745 | D:15     | Entered Level 15 of the Dungeon
 25040 | D:15     | Found a staircase to the Depths.
 25949 | Swamp:1  | Entered Level 1 of the Swamp
 26175 | Swamp:1  | Found a hide-covered altar of Uskayaw.
 26279 | Swamp:1  | Noticed a tentacled monstrosity
 26299 | Swamp:1  | Killed a tentacled monstrosity
 26901 | Swamp:2  | Received a gift from Trog
 26961 | Swamp:2  | Reached skill level 20 in Polearms
 27138 | Swamp:2  | Noticed a fenstrider witch
 27146 | Swamp:2  | Killed a fenstrider witch
 27286 | Swamp:2  | Noticed a fenstrider witch
 27286 | Swamp:2  | Paralysed by a fenstrider witch for 5 turns
 27297 | Swamp:2  | Killed a fenstrider witch
 27407 | Swamp:2  | Found a runed translucent gate.
 27407 | Swamp:2  | Found a runed translucent gate.
 27407 | Swamp:2  | Found a runed translucent gate.
 27410 | Swamp:2  | Noticed Fuubb's ghost (adept OpMo)
 27455 | Swamp:2  | Reached XP level 17. HP: 124/124 MP: 15/17
 27633 | Swamp:3  | Reached skill level 10 in Throwing
 28128 | Swamp:3  | Found a glowing silver altar of Zin.
 28472 | Swamp:4  | Entered Level 4 of the Swamp
 29094 | Swamp:4  | Received a gift from Trog
 29509 | Swamp:4  | Reached skill level 10 in Armour
 29535 | Swamp:4  | Noticed the 27-headed Lernaean hydra
 29551 | Swamp:4  | Killed the 27-headed Lernaean hydra
 30005 | Swamp:4  | Got a decaying rune of Zot
 30152 | Snake:1  | Entered Level 1 of the Snake Pit
 30700 | Snake:1  | Reached XP level 18. HP: 131/131 MP: 18/18
 30747 | Snake:1  | Received a gift from Trog
 33076 | Snake:2  | Found Yren's Book Shop.
 33077 | Snake:2  | Found Nonuaj's Jewellery Emporium.
 33079 | Snake:2  | Found Udad's Book Shop.
 34208 | Snake:2  | Identified the +11 triple sword of the Hills {vorpal, rN+
                  | Dex+2} (Trog gifted it to you on level 2 of the Snake Pit)
 34208 | Snake:2  | Received a gift from Trog
 35121 | Snake:4  | Entered Level 4 of the Snake Pit
 35912 | Snake:4  | Found Muzxorch's Book Shop.
 35915 | Snake:4  | Found Ylomut's Antique Armour Boutique.
 35915 | Snake:4  | Found Zeogalli's Assorted Antiques.
 35920 | Snake:4  | Found Ymnasa's Distillery.
 36746 | Snake:4  | Received a gift from Trog
 36877 | Snake:4  | Reached skill level 21 in Polearms
 37118 | Snake:4  | Reached XP level 19. HP: 136/136 MP: 19/19
 37210 | Snake:4  | Noticed Mara
 37214 | Snake:4  | Noticed jejorda2's illusion
 37259 | Snake:4  | Noticed jejorda2's illusion
 37263 | Snake:4  | Killed Mara
 38180 | Snake:4  | Got a serpentine rune of Zot
 38594 | Vaults:1 | Entered Level 1 of the Vaults
 38789 | Vaults:1 | Reached skill level 15 in Throwing
 39526 | Vaults:1 | Noticed Donald
 39558 | Vaults:1 | Killed Donald
 41238 | Vaults:1 | Noticed a tentacled monstrosity
 41257 | Vaults:1 | Received a gift from Trog
 41273 | Vaults:1 | Killed a tentacled monstrosity
 41296 | Vaults:1 | Found Saosucw's Armour Shop.
 41717 | Vaults:2 | Noticed Sojobo
 41724 | Vaults:2 | Paralysed by an air elemental for 1 turns
 41732 | Vaults:2 | Paralysed by an air elemental for 1 turns
 41739 | Vaults:2 | HP: 5/204 [Sojobo/the air (12)]
 41740 | Vaults:2 | Slain by a yaktaur captain

Illustrated notes

Levels and vault maps discovered:
D:1:      lightli_arrival_noodles, layout_basic,
          shapermc_ecumenical_altar_mp_ritualfount
D:2:      layout_basic, basic_altar, minmay_tetromino_t4
D:3:      layout_basic, serial_shops, shop, uniq_sigmund, uniq_jessica
D:4:      layout_basic, serial_rivers, chequers_serial_rivers_large_b,
          chequers_serial_rivers_micro_e, chequers_serial_rivers_micro_d,
          chequers_serial_rivers_micro_e, chequers_serial_rivers_small_b,
          chequers_serial_rivers_marsh, corexii_corridor_pit, uniq_edmund
D:5:      layout_loops_cross, uniq_prince_ribbit1, uniq_menkaure, uniq_ijyb
D:6:      layout_basic, minmay_temple_entry_sparse_star, enter_ossuary_5
D:7:      layout_rooms, okawaru_trees_2, tgw_sif, overflow_temple_1_default,
          uniq_harold, uniq_duvessa
D:8:      layout_cave_pools, grunt_temple_overflow_holy_war,
          david_lair_shrubbed, serial_column_ruins, column_ruins_open_small,
          column_ruins_grid_1, column_ruins_open_tiny, column_ruins_open_tiny
D:9:      layout_irregular_city, zombieorc1_lemuel, serial_shops,
          nicolae_shop_competitors_out_of_business, nicolae_shop_hallway_stairs,
          shop, chequers_serial_rivers_micro_a
D:10:     layout_cave_pools, mainiacjoe_overflow_large_starburst
D:11:     layout_loops_ring, gauntlet_entry_generic, serial_shops, shop,
          hangedman_tell_no_tales
D:12:     hangedman_screamer, layout_loops_corners, serial_shops,
          nicolae_shop_hallway_stairs, enter_trove_2,
          nicolae_figureground_pulse, uniq_kirke, uniq_sonja
D:13:     layout_loops_ring, lightli_vaults_fourway_checkpoint, uniq_azrael
D:14:     layout_roguey, corexii_leaking_fountain, uniq_frances
D:15:     gammafunk_depths_entry_grave, layout_rooms, serial_bayou_shore_b
Lair:1:   layout_cave_pods, grunt_megastairs_4, serial_bayou_shore_b
Lair:2:   layout_regular_city, serial_bayou_shore_a
Lair:3:   layout_small_grid, basic_altar
Lair:4:   layout_misc_corridors, palyth_hydra_swamp_entry, dummy_snake_entry,
          basic_altar, lemuel_fruit_fields, uniq_josephine
Lair:5:   layout_small_grid, nicolae_slime_entry_slimehenge, disabler_island,
          grunt_megastairs_2
Lair:6:   grunt_lair_end_beastmaster, layout_long_grid, lemuel_fruit_tree
Swamp:1:  layout_falls_marsh, nicolae_swamp_godswood
Swamp:2:  layout_falls_marsh, gammafunk_ghost_hydra_chop,
          evilmike_swamp_ruin_rubble_2, swamp_pool5
Swamp:3:  layout_basic_swamp, evilmike_swamp_ruin_house_2,
          nicolae_swamp_treefoil, swamp_pool3, lemuel_altar_in_water
Swamp:4:  grunt_swamp_rune_castle, layout_basic_swamp
Snake:1:  layout_layer_cave
Snake:2:  layout_chambers, minmay_shop_grove
Snake:3:  layout_grid_shapes, st_stairs_12
Snake:4:  snake_pit, layout_chambers, minmay_shoptagon, uniq_mara
Orc:1:    layout_caves, ebering_ghost_inner_flame, mines2_david
Orc:2:    grunt_orc_community_town_hall, layout_caves,
          grunt_orc_community_big_house_2, grunt_orc_community_big_house_2,
          grunt_orc_community_house_1, grunt_orc_community_house_3,
          grunt_orc_community_house_1, grunt_orc_community_house_1
Vaults:1: v_misc_30, v_misc_15, nicolae_vaults_theta, v_misc_3,
          dpeg_vaults_monster_box, vaults_dpeg_diagonal, vaults_room_fours,
          layout_vaults_omnigrid, uniq_donald
Vaults:2: dpeg_vaults_monster_row, ontoclasm_vaults_ring_large,
          nicolae_vaults_little_squares_3, nicolae_vaults_network_s,
          nicolae_vaults_mini_display_case, v_rooms_5, v_pattern_3,
          hangedman_vaults_nodes, v_misc_13, v_alt_pattern_4,
          nicolae_vaults_little_squares_3, nicolae_vaults_little_ls,
          layout_vaults_ring, uniq_aizul, uniq_margery, uniq_nikola, uniq_sojobo

Skill      XL: |  1  2  3  4  5  6  7  8  9 10 11 12 13 14 15 16 17 18 19 |
---------------+----------------------------------------------------------+-----
Polearms       | 3 4 5 6 8 11 13 14 15 16 18 20 21 | 21.5
Fighting       | 4 5 6 8 12 15 18 20 | 20.4
Armour         | 3 4 5 6 7 9 10 12 13 | 13.7
Dodging        | 4 6 |  6.0
Evocations     | 1 5 6 |  6.0
Throwing       | 3 7 9 12 14 16 | 16.0

Action                   |  1- 3 |  4- 6 |  7- 9 | 10-12 | 13-15 | 16-18 | 19-21 || total
-------------------------+-------+-------+-------+-------+-------+-------+-------++-------
Melee: Spear             |   116 |       |       |       |       |       |       ||   116
       Trident           |    15 |    71 |   388 |       |       |       |       ||   474
       Demon trident     |       |       |   113 |   717 |  1680 |  1053 |   611 ||  4174
       Glaive            |       |       |       |       |    28 |   796 |     8 ||   832
Throw: Dart              |       |       |    10 |     6 |    79 |       |    15 ||   110
       Stone             |       |       |     4 |       |       |       |       ||     4
       Boomerang         |       |       |       |       |     3 |   183 |    14 ||   200
Invok: Berserk           |     1 |     2 |     7 |     8 |    17 |    11 |    10 ||    56
       Trog's Hand       |       |     1 |       |       |     4 |     3 |     2 ||    10
       Brothers in Arms  |       |       |       |       |       |     1 |     3 ||     4
Evoke: Wand              |       |       |     5 |       |       |       |       ||     5
  Use: Scroll            |       |       |    22 |     3 |     6 |     5 |     1 ||    37
 Stab: Sleeping          |     1 |       |       |       |       |       |       ||     1
       Petrified         |       |       |       |     6 |     1 |       |       ||     7
       Petrifying        |       |       |       |       |     1 |       |       ||     1
       Confused          |       |       |       |       |       |     1 |       ||     1
Armor: Animal skin       |    27 |     8 |       |       |       |       |       ||    35
       Ring mail         |       |    36 |       |       |       |       |       ||    36
       Scale mail        |       |     1 |   194 |   133 |       |       |       ||   328
       Chain mail        |       |       |    40 |       |       |       |       ||    40
       Pearl dragon scal |       |       |       |    67 |   334 |       |       ||   401
       Plate armour      |       |       |       |       |   378 |  1326 |   551 ||  2255
Dodge: Dodged            |    54 |    45 |   164 |   220 |   525 |   680 |   296 ||  1984
       Repelled          |       |       |       |       |     6 |       |       ||     6

Table legend: (Time is in decaauts)
 A = Elapsed time spent in this place.
 B = Non-inter-level travel time spent in this place.
 C = Inter-level travel time spent in this place.
 D = Time resting spent in this place.
 E = Time spent auto-exploring this place.
 F = Levels seen in this place.
 G = Mean time per level.
                   A        B        C        D        E       F      G
               +--------+--------+--------+--------+--------+-----+--------+
         Total |  40298 |  36767 |   3531 |   3862 |  25377 |  35 | 1151.4 |
       Dungeon |  14935 |  13465 |   1470 |   1129 |   9623 |  15 |  995.7 |
          Lair |   7426 |   6478 |    948 |    332 |   4801 |   6 | 1237.7 |
         Swamp |   3854 |   3727 |    127 |    242 |   2638 |   4 |  963.5 |
     Snake Pit |   8051 |   7502 |    549 |   1104 |   5188 |   4 | 2012.8 |
  Orcish Mines |   2553 |   2367 |    186 |    484 |   1339 |   2 | 1276.5 |
        Vaults |   2425 |   2176 |    249 |    405 |   1353 |   2 | 1212.5 |
       Ossuary |    476 |    476 |      0 |     33 |    287 |   1 |  476.0 |
      Gauntlet |    574 |    574 |      0 |    131 |    147 |   1 |  574.0 |
               +--------+--------+--------+--------+--------+-----+--------+

Top non-repeatable levels by time:
 Snake:4: 2548 daAuts
 Snake:2: 2494 daAuts
Vaults:1: 2366 daAuts
 Snake:1: 1688 daAuts
    D:13: 1594 daAuts
    D:12: 1483 daAuts
 Swamp:4: 1471 daAuts
  Lair:6: 1464 daAuts
  Lair:1: 1448 daAuts
  Lair:5: 1428 daAuts
   Orc:1: 1382 daAuts
 Snake:3: 1320 daAuts
     D:5: 1284 daAuts
  Lair:4: 1278 daAuts
   Orc:2: 1171 daAuts
